TOP OF THE 1ST |
Syracuse Chiefs batting - Pitching for Gwinnett Braves : RHP Josh Wollaston
|
Pitching: RHP Josh Wollaston
|
|
Batting: RHB Dusty Ballard
|
0-0: Ball 1-0: Swinging Strike 1-1: Swinging Strike 1-2: Foul Ball, location: 2F 1-2: Ball 2-2: Ball 3-2: Foul Ball, location: 2F 3-2: Foul Ball, location: 2F 3-2: Base on Balls
|
Batting: RHB Hisayuki Akiyama
|
0-0: Called Strike Dusty Ballard is caught stealing 2nd base 2-4 0-1: Ball 1-1: Foul Ball, location: 2F 1-2: Foul Ball, location: 2F 1-2: Strikes out swinging
|
Batting: LHB Tim Olsen
|
0-0: Ball 1-0: SINGLE (Groundball, 34D, EV 100.0 MPH)
|
Batting: LHB Jae-ik Soung
|
0-0: Ground out 4-3 (Groundball, 34, EV 86.2 MPH)
|
Top of the 1st over - 0 runs, 1 hit, 0 errors, 1 left on base; Syracuse 0 - Gwinnett 0 |
BOTTOM OF THE 1ST |
Gwinnett Braves batting - Pitching for Syracuse Chiefs : RHP Brian Walker
|
Pitching: RHP Brian Walker
|
|
Batting: RHB Jeremy Giesler
|
0-0: Ball 1-0: Ball 2-0: Ball 3-0: Base on Balls
|
Batting: RHB Alex Munoz
|
0-0: Called Strike Jeremy Giesler steals 2nd, throwing error, E2 Jeremy Giesler to third 0-1: Ball 1-1: Ball 2-1: Called Strike 2-2: Foul Ball, location: 2F 2-2: Ground out 5-3 (Groundball, 56, EV 88.1 MPH) Jeremy Giesler scores
|
Batting: SHB Bob Morales
|
0-0: Ball 1-0: SOLO HOME RUN (Flyball, 7D, EV 94.4 MPH), Distance : 363 ft
|
Batting: SHB Brian Bagley
|
0-0: Fly out, F8 (Flyball, 8LD, EV 90.0 MPH)
|
Batting: RHB Nate Taylor
|
0-0: Ball 1-0: Ball 2-0: Ball 3-0: Called Strike 3-1: Foul Ball, location: 2F 3-2: Strikes out swinging
|
Bottom of the 1st over - 2 runs, 1 hit, 1 error, 0 left on base; Syracuse 0 - Gwinnett 2 |
TOP OF THE 2ND |
Syracuse Chiefs batting - Pitching for Gwinnett Braves : RHP Josh Wollaston
|
Batting: RHB Antonio Laurel
|
0-0: Ball 1-0: Swinging Strike 1-1: Called Strike 1-2: Foul Ball, location: 2F 1-2: Ball 2-2: Strikes out swinging
|
Batting: LHB Doug Anderson
|
0-0: Ball 1-0: Fly out, F5 (Popup, 5F, EV 62.5 MPH)
|
Batting: RHB Stephen Charbonneau
|
0-0: Called Strike 0-1: Ground out 3-1 (Groundball, 34S, EV 73.1 MPH)
|
Top of the 2nd over - 0 runs, 0 hits, 0 errors, 0 left on base; Syracuse 0 - Gwinnett 2 |
BOTTOM OF THE 2ND |
Gwinnett Braves batting - Pitching for Syracuse Chiefs : RHP Brian Walker
|
Batting: RHB Jesse Lester
|
0-0: Ground out 6-3 (Groundball, 6, EV 85.0 MPH)
|
Batting: RHB Edgar Castillo
|
0-0: Ball 1-0: Called Strike 1-1: Called Strike 1-2: Ball 2-2: Foul Ball, location: 2F 2-2: Ball 3-2: Foul Ball, location: 2F 3-2: Foul Ball, location: 2F 3-2: Base on Balls
|
Batting: RHB Riley Nasiir
|
0-0: Foul Ball, location: 2F 0-1: Ball Edgar Castillo steals 2nd base 1-1: Foul Ball, location: 2F 1-2: Ball 2-2: Ball 3-2: Ground out 6-3 (Groundball, 6, EV 80.0 MPH) Edgar Castillo to third
|
Batting: SHB Eric Reeser
|
0-0: Ball 1-0: Ball 2-0: Ball 3-0: Base on Balls
|
Batting: RHB Jeremy Giesler
|
0-0: Ball 1-0: Ball 2-0: Foul Ball, location: 2F 2-1: Fly out, F4 (Line Drive, 4, EV 72.5 MPH)
|
Bottom of the 2nd over - 0 runs, 0 hits, 0 errors, 2 left on base; Syracuse 0 - Gwinnett 2 |
TOP OF THE 3RD |
Syracuse Chiefs batting - Pitching for Gwinnett Braves : RHP Josh Wollaston
|
Batting: RHB Willie de los Santos
|
0-0: Fly out, F8 (Flyball, 8LD, EV 102.5 MPH)
|
Batting: LHB Evan Oliveri
|
0-0: Called Strike 0-1: Called Strike 0-2: Ball 1-2: Strikes out swinging
|
Batting: RHB Dusty Ballard
|
0-0: Ball 1-0: Ball 2-0: Called Strike 2-1: Swinging Strike 2-2: Strikes out looking
|
Top of the 3rd over - 0 runs, 0 hits, 0 errors, 0 left on base; Syracuse 0 - Gwinnett 2 |
BOTTOM OF THE 3RD |
Gwinnett Braves batting - Pitching for Syracuse Chiefs : RHP Brian Walker
|
Batting: RHB Alex Munoz
|
0-0: Ball 1-0: Ball 2-0: Ground out 5-3 (Groundball, 56, EV 104.4 MPH)
|
Batting: SHB Bob Morales
|
0-0: Called Strike 0-1: Ball 1-1: Called Strike 1-2: Strikes out swinging
|
Batting: SHB Brian Bagley
|
0-0: Swinging Strike 0-1: Ball 1-1: Ground out 4-3 (Groundball, 4, EV 108.8 MPH)
|
Bottom of the 3rd over - 0 runs, 0 hits, 0 errors, 0 left on base; Syracuse 0 - Gwinnett 2 |
TOP OF THE 4TH |
Syracuse Chiefs batting - Pitching for Gwinnett Braves : RHP Josh Wollaston
|
Batting: RHB Hisayuki Akiyama
|
0-0: Ground out 6-3 (Groundball, 6, EV 106.9 MPH)
|
Batting: LHB Tim Olsen
|
0-0: Called Strike 0-1: Ball 1-1: Ball 2-1: Ball 3-1: Foul Ball, location: 2F 3-2: Base on Balls
|
Batting: LHB Jae-ik Soung
|
0-0: Foul Ball, location: 2F 0-1: Ball 1-1: Ball 2-1: Ball 3-1: Foul Ball, location: 2F 3-2: Strikes out swinging
|
Batting: RHB Antonio Laurel
|
0-0: Called Strike 0-1: Foul Ball, location: 2F 0-2: Ball 1-2: SINGLE (Line Drive, 78S, EV 110.0 MPH) Tim Olsen to second
|
Batting: LHB Doug Anderson
|
0-0: Ball 1-0: DOUBLE (Groundball, 3L, EV 105.0 MPH) Tim Olsen scores Antonio Laurel to third
|
Batting: RHB Stephen Charbonneau
|
0-0: Fly out, F3 (Popup, 3F, EV 66.9 MPH)
|
Top of the 4th over - 1 run, 2 hits, 0 errors, 2 left on base; Syracuse 1 - Gwinnett 2 |
BOTTOM OF THE 4TH |
Gwinnett Braves batting - Pitching for Syracuse Chiefs : RHP Brian Walker
|
Batting: RHB Nate Taylor
|
0-0: Ball 1-0: SINGLE (Line Drive, 8LS, EV 95.0 MPH)
|
Batting: RHB Jesse Lester
|
0-0: Called Strike 0-1: SINGLE (Groundball, 56S, EV 70.6 MPH) (infield hit) Nate Taylor to second
|
Batting: RHB Edgar Castillo
|
0-0: Ball 1-0: Ball 2-0: Ball 3-0: Called Strike 3-1: Fielders Choice at 2nd, 6-4 (Groundball, 6M, EV 110.0 MPH) Nate Taylor to third
|
Batting: RHB Riley Nasiir
|
0-0: Ball 1-0: Bunted foul 1-1: Fly out, F4 (Popup, 4, EV 40.0 MPH)
|
Batting: SHB Eric Reeser
|
0-0: Ball 1-0: Ball 2-0: Ball 3-0: Called Strike 3-1: Base on Balls Edgar Castillo to second
|
Batting: RHB Jeremy Giesler
|
0-0: Ball 1-0: Ball 2-0: Ball 3-0: Base on Balls Nate Taylor scores Edgar Castillo to third Eric Reeser to second
|
Batting: RHB Alex Munoz
|
0-0: Ball 1-0: Foul Ball, location: 2F 1-1: Ball 2-1: Ball 3-1: Fly out, F8 (Line Drive, 89M, EV 95.6 MPH)
|
Bottom of the 4th over - 1 run, 2 hits, 0 errors, 3 left on base; Syracuse 1 - Gwinnett 3 |
TOP OF THE 5TH |
Syracuse Chiefs batting - Pitching for Gwinnett Braves : RHP Josh Wollaston
|
Batting: RHB Willie de los Santos
|
0-0: Called Strike 0-1: Foul Ball, location: 2F 0-2: Foul Ball, location: 2F 0-2: Ball 1-2: Ball 2-2: Ground out 5-3 (Groundball, 5L, EV 86.2 MPH)
|
Batting: LHB Evan Oliveri
|
0-0: Ball 1-0: Ball 2-0: Ground out 6-3 (Groundball, 6, EV 103.8 MPH)
|
Batting: RHB Dusty Ballard
|
0-0: Called Strike 0-1: Ball 1-1: Ball 2-1: Ball 3-1: Fly out, F7 (Flyball, 7LS, EV 86.9 MPH)
|
Top of the 5th over - 0 runs, 0 hits, 0 errors, 0 left on base; Syracuse 1 - Gwinnett 3 |
BOTTOM OF THE 5TH |
Gwinnett Braves batting - Pitching for Syracuse Chiefs : RHP Brian Walker
|
Batting: SHB Bob Morales
|
0-0: Ball 1-0: Ball 2-0: Fly out, F8 (Flyball, 8RD, EV 100.6 MPH)
|
Batting: SHB Brian Bagley
|
0-0: Ball 1-0: Fly out, F8 (Line Drive, 8LM, EV 95.6 MPH)
|
Batting: RHB Nate Taylor
|
0-0: Ball 1-0: Ball 2-0: Ground out 6-3 (Groundball, 6, EV 101.9 MPH)
|
Bottom of the 5th over - 0 runs, 0 hits, 0 errors, 0 left on base; Syracuse 1 - Gwinnett 3 |
TOP OF THE 6TH |
Syracuse Chiefs batting - Pitching for Gwinnett Braves : RHP Josh Wollaston
|
Batting: RHB Hisayuki Akiyama
|
0-0: Ball 1-0: Swinging Strike 1-1: Swinging Strike 1-2: Ball 2-2: Foul Ball, location: 2F 2-2: Strikes out swinging
|
Batting: LHB Tim Olsen
|
0-0: Called Strike 0-1: Fly out, F8 (Flyball, 8LM, EV 95.6 MPH)
|
Batting: LHB Jae-ik Soung
|
0-0: Ball 1-0: Foul Ball, location: 2F 1-1: Foul Ball, location: 2F 1-2: Strikes out swinging, 2-3 out at first.
|
Top of the 6th over - 0 runs, 0 hits, 0 errors, 0 left on base; Syracuse 1 - Gwinnett 3 |
BOTTOM OF THE 6TH |
Gwinnett Braves batting - Pitching for Syracuse Chiefs : RHP Brian Walker
|
Batting: RHB Jesse Lester
|
0-0: Called Strike 0-1: Ball 1-1: Ball 2-1: Swinging Strike 2-2: Ground out 5-3 (Groundball, 5L, EV 85.0 MPH)
|
Batting: RHB Edgar Castillo
|
0-0: Reached on error, E4 (Groundball, P, EV 91.2 MPH)
|
Batting: RHB Riley Nasiir
|
0-0: Called Strike 0-1: Ball 1-1: Ball 2-1: Ground out 1-3 (Groundball, 15S, EV 70.0 MPH)
|
Batting: SHB Eric Reeser
|
0-0: Called Strike 0-1: Called Strike 0-2: Ball 1-2: Strikes out looking
|
Bottom of the 6th over - 0 runs, 0 hits, 1 error, 1 left on base; Syracuse 1 - Gwinnett 3 |
TOP OF THE 7TH |
Syracuse Chiefs batting - Pitching for Gwinnett Braves : RHP Josh Wollaston
|
Batting: RHB Antonio Laurel
|
0-0: Fly out, F8 (Flyball, 8LD, EV 78.8 MPH)
|
DELAY
|
Rain delay of 49 minutes in the 7th inning.
|
Batting: LHB Doug Anderson
|
0-0: Called Strike 0-1: Ground out 4-3 (Groundball, 4, EV 107.5 MPH)
|
Batting: RHB Stephen Charbonneau
|
0-0: Swinging Strike 0-1: Ball 1-1: Ball 2-1: Fly out, F9 (Line Drive, 9LS, EV 95.6 MPH)
|
Top of the 7th over - 0 runs, 0 hits, 0 errors, 0 left on base; Syracuse 1 - Gwinnett 3 |
BOTTOM OF THE 7TH |
Gwinnett Braves batting - Pitching for Syracuse Chiefs : RHP Brian Walker
|
Pitching: LHP Eric Bice
|
|
Batting: RHB Jeremy Giesler
|
0-0: Ball 1-0: Swinging Strike 1-1: Swinging Strike 1-2: Strikes out looking
|
Batting: RHB Alex Munoz
|
0-0: Ground out 5-3 (Groundball, 56S, EV 87.5 MPH)
|
Batting: SHB Bob Morales
|
0-0: Ball 1-0: Ball 2-0: Ball 3-0: Called Strike 3-1: Base on Balls
|
Batting: SHB Brian Bagley
|
0-0: Ball 1-0: Foul Ball, location: 2F 1-1: Called Strike 1-2: Ground out 4-3 (Groundball, 13, EV 83.1 MPH)
|
Bottom of the 7th over - 0 runs, 0 hits, 0 errors, 1 left on base; Syracuse 1 - Gwinnett 3 |
TOP OF THE 8TH |
Syracuse Chiefs batting - Pitching for Gwinnett Braves : RHP Josh Wollaston
|
Pinch Hitting: LHB Alexis Cantu
|
0-0: Called Strike 0-1: Foul Ball, location: 2F 0-2: Foul Ball, location: 2F 0-2: Foul Ball, location: 2F 0-2: Ball 1-2: Ball 2-2: Foul Ball, location: 2F 2-2: Foul Ball, location: 2F 2-2: Foul Ball, location: 2F 2-2: Foul Ball, location: 2F 2-2: Ball 3-2: Ground out 4-3 (Groundball, 4, EV 106.2 MPH)
|
Pitching: RHP Orlando Velazquez
|
|
Batting: LHB Evan Oliveri
|
0-0: Foul Ball, location: 2F 0-1: Called Strike 0-2: Strikes out swinging
|
Batting: RHB Dusty Ballard
|
0-0: Swinging Strike 0-1: Ball 1-1: Swinging Strike 1-2: Foul Ball, location: 2F 1-2: Ball 2-2: Ball 3-2: DOUBLE (Groundball, 5L, EV 94.4 MPH)
|
Batting: RHB Hisayuki Akiyama
|
0-0: Called Strike 0-1: Called Strike 0-2: Ball 1-2: Ball 2-2: Foul Ball, location: 2F 2-2: Strikes out swinging
|
Top of the 8th over - 0 runs, 1 hit, 0 errors, 1 left on base; Syracuse 1 - Gwinnett 3 |
BOTTOM OF THE 8TH |
Gwinnett Braves batting - Pitching for Syracuse Chiefs : LHP Eric Bice
|
Now at 3B: Dusty Ballard
|
|
Now in CF: Alexis Cantu
|
|
Batting: RHB Nate Taylor
|
0-0: Foul Ball, location: 2F 0-1: Foul Ball, location: 2F 0-2: Strikes out looking
|
Batting: RHB Jesse Lester
|
0-0: Ball 1-0: Ball 2-0: Ball 3-0: Base on Balls
|
Batting: RHB Edgar Castillo
|
0-0: Called Strike 0-1: Grounds into double play, 4-6-3 (Groundball, 4M, EV 105.6 MPH)
|
Bottom of the 8th over - 0 runs, 0 hits, 0 errors, 0 left on base; Syracuse 1 - Gwinnett 3 |
TOP OF THE 9TH |
Syracuse Chiefs batting - Pitching for Gwinnett Braves : RHP Orlando Velazquez
|
Pitching: LHP Brian Gregory
|
|
Now at 3B: Mike Manchester
|
|
Batting: LHB Tim Olsen
|
0-0: Called Strike 0-1: Foul Ball, location: 2F 0-2: Foul Ball, location: 2F 0-2: Strikes out swinging
|
Batting: LHB Jae-ik Soung
|
0-0: Called Strike 0-1: Foul Ball, location: 2F 0-2: Foul Ball, location: 2F 0-2: Fly out, F8 (Flyball, 8LM, EV 88.1 MPH)
|
Batting: RHB Antonio Laurel
|
0-0: Ball 1-0: Called Strike 1-1: SINGLE (Line Drive, 4D, EV 100.6 MPH)
|
Batting: LHB Doug Anderson
|
0-0: Called Strike 0-1: Ball 1-1: Ball 2-1: Ball 3-1: Foul Ball, location: 2F 3-2: Base on Balls Antonio Laurel to second
|
Pinch Runner at 2nd Dave Brabo:
|
|
Batting: RHB Stephen Charbonneau
|
0-0: Foul Ball, location: 2F 0-1: Ball 1-1: Swinging Strike 1-2: Strikes out looking
|
Top of the 9th over - 0 runs, 1 hit, 0 errors, 2 left on base; Syracuse 1 - Gwinnett 3 |
|